[Event "Titled Tuesday Blitz November 2 2021"]
[White "Novik, Maxim"]
[Black "Yanchenko, Roman"]
[WhiteFideId "4102924"]
[BlackFideId "4137329"]
[WhiteElo "2316"]
[BlackElo "2514"]
[Result "0-1"]
[Round "07"]
[TimeControl "180+1"]
[Date "2021.11.02"]
[WhiteClock "0:00:06"]
[BlackClock "0:01:23"]

1. d4 d5 2. c4 c6 3. Nc3 Nf6 4. Nf3 g6 5. Bf4 Bg7 6. e3 O-O 7. h3 a6 8. Rc1 h6 9. Be2 Kh7 10. O-O Bf5 11. cxd5 Nxd5 12. Qb3 Nxc3 13. bxc3 b5 14. Ne5 Be6 15. Qb1 Qb6 16. c4 Nd7 17. c5 Qb7 18. Nf3 a5 19. e4 Nf6 20. Rfd1 Rfd8 21. d5 cxd5 22. c6 Qa7 23. c7 Rdc8 24. Nd4 Nxe4 25. Be3 Bxd4 26. Bxd4 Qb7 27. f3 Nd6 28. Qc2 Nc4 29. Bxc4 dxc4 30. Qe2 Qxc7 31. h4 h5 32. Be5 Qc5+ 33. Bd4 Qf5 34. Be5 Rd8 35. Kh2 b4 36. Re1 c3 37. Qe3 Rd2 38. Rcd1 Qh3+ 0-1


[Site "https://www.chess.com"]

[Event "Titled Tuesday Blitz November 2 2021"]
[White "Palchuk, Andrii"]
[Black "Terry, Renato"]
[WhiteFideId "14176688"]
[BlackFideId "3803457"]
[WhiteElo "2322"]
[BlackElo "2577"]
[Result "0-1"]
[Round "07"]
[TimeControl "180+1"]
[Date "2021.11.02"]
[WhiteClock "0:00:40"]
[BlackClock "0:02:08"]

1. d4 d5 2. c4 c6 3. Nf3 Nf6 4. Nbd2 Bf5 5. g3 e6 6. Bg2 h6 7. O-O Nbd7 8. b3 Be7 9. Bb2 a5 10. e3 a4 11. Qe2 Qa5 12. Rfc1 a3 13. Bc3 Bb4 14. Bxb4 Qxb4 15. Ne1 O-O 16. Nd3 Qb6 17. Kh1 Rfc8 18. Ne5 Nxe5 19. dxe5 Ng4 20. Nf3 Bd3 21. Qd2 Be4 22. Nd4 Nxe5 23. Bxe4 dxe4 24. Qc2 Nd3 25. f3 Nxc1 0-1


[Site "https://www.chess.com"]

[Event "Titled Tuesday Blitz November 2 2021"]
[White "Pichot, Alan"]
[Black "Rasulov, Vugar"]
[WhiteFideId "110973"]
[BlackFideId "13402390"]
[WhiteElo "2600"]
[BlackElo "2560"]
[Result "1/2-1/2"]
[Round "07"]
[TimeControl "180+1"]
[Date "2021.11.02"]
[WhiteClock "0:00:26"]
[BlackClock "0:00:26"]

1. e4 c5 2. Nf3 d6 3. d4 cxd4 4. Nxd4 Nf6 5. Nc3 a6 6. Bg5 Nbd7 7. Bc4 Qa5 8. Qd2 e6 9. O-O-O Nc5 10. Rhe1 Be7 11. f4 h6 12. Bxf6 Bxf6 13. Nb3 Nxb3+ 14. Bxb3 O-O 15. Kb1 Bxc3 16. Qxc3 Qxc3 17. bxc3 Rd8 18. e5 d5 19. c4 d4 20. Re4 Kf8 21. Rexd4 Rxd4 22. Rxd4 Ke7 23. Ba4 Rb8 24. Kb2 f6 25. Kc3 b5 26. cxb5 axb5 27. Bb3 Bd7 28. exf6+ gxf6 29. Kb4 h5 30. Rd3 h4 31. g3 hxg3 32. hxg3 Rh8 33. Re3 Kd6 34. Rd3+ Ke7 35. c3 Rh2 36. a4 bxa4 37. Bxa4 Bxa4 38. Kxa4 e5 39. fxe5 fxe5 40. Kb5 Ke6 41. c4 e4 42. Rc3 Rb2+ 43. Kc6 Ke5 44. c5 Rd2 45. Kb7 Rd7+ 46. Kb6 Rd3 47. Rc1 Rb3+ 48. Ka5 Ra3+ 49. Kb5 Rb3+ 50. Ka5 Ra3+ 51. Kb5 Rb3+ 52. Ka5 1/2-1/2


[Site "https://www.chess.com"]

[Event "Titled Tuesday Blitz November 2 2021"]
[White "Postny, Evgeny"]
[Black "Bortnyk, Olexandr"]
[WhiteFideId "2804344"]
[BlackFideId "14120828"]
[WhiteElo "2521"]
[BlackElo "2723"]
[Result "1-0"]
[Round "07"]
[TimeControl "180+1"]
[Date "2021.11.02"]
[WhiteClock "0:00:10"]
[BlackClock "0:00:02"]

1. Nf3 d5 2. d4 Bg4 3. Ne5 Bf5 4. c4 Bxb1 5. Rxb1 dxc4 6. Nxc4 e6 7. e3 Nd7 8. Be2 Ngf6 9. O-O Be7 10. b4 O-O 11. Qc2 b6 12. Bf3 c6 13. b5 cxb5 14. Bxa8 bxc4 15. Bf3 Qc7 16. Bd2 Rc8 17. a4 a5 18. Rb5 c3 19. Bc1 Bb4 20. Rd1 Ne8 21. e4 Nd6 22. Rh5 g6 23. Rh3 Nc4 24. Be2 Nd2 25. Ba6 Ra8 26. Bxd2 Rxa6 27. Bxc3 Ra8 28. Qb3 Bxc3 29. Rxc3 Qf4 30. Qc2 Nf6 31. f3 Kg7 32. g3 Qg5 33. Qc1 Qh5 34. Qf4 Rd8 35. Rc7 e5 36. Qe3 exd4 37. Qf4 g5 38. Qf5 Qg6 39. Qxg6+ hxg6 40. Rc4 d3 41. Rc3 Rd4 42. Rdxd3 Rxa4 43. e5 Ng8 44. Rc7 Ra1+ 45. Kg2 Re1 46. Rdd7 Nh6 47. Re7 Kg8 48. Re8+ Kg7 49. e6 g4 50. exf7 gxf3+ 51. Kf2 Ng4+ 52. Kxf3 Rf1+ 53. Kxg4 Rxf7 54. Ree7 1-0


[Site "https://www.chess.com"]

[Event "Titled Tuesday Blitz November 2 2021"]
[White "Przybylski, Wojciech"]
[Black "Sychev, Klementy"]
[WhiteFideId "1117599"]
[BlackFideId "4114060"]
[WhiteElo "2247"]
[BlackElo "2615"]
[Result "1/2-1/2"]
[Round "07"]
[TimeControl "180+1"]
[Date "2021.11.02"]
[WhiteClock "0:00:14"]
[BlackClock "0:00:10"]

1. e4 Nc6 2. Nf3 d6 3. d4 Nf6 4. Nc3 g6 5. h3 Bg7 6. Be3 O-O 7. Be2 e5 8. dxe5 dxe5 9. O-O Be6 10. Nd2 Nd4 11. Bc4 Qe7 12. Nd5 Nxd5 13. Bxd5 Bxd5 14. exd5 Rad8 15. Ne4 c6 16. d6 Qe6 17. c3 Nf5 18. Bxa7 Nxd6 19. Nxd6 Rxd6 20. Qe2 Ra8 21. Bc5 Rd5 22. Be3 f5 23. c4 Rd7 24. b3 Re8 25. Rad1 Rf7 26. Bc5 e4 27. Bd4 f4 28. Bxg7 Kxg7 29. Rfe1 Qe5 30. Rd2 f3 31. Qe3 fxg2 32. Qd4 Kh6 33. Qxe5 Rxe5 34. Kxg2 Rf4 35. Re3 b5 36. cxb5 cxb5 37. a4 bxa4 38. bxa4 Rg5+ 39. Kf1 Ra5 40. Rd4 Kg5 41. Rdxe4 Rxa4 42. Rxa4 Rxa4 43. Kg2 Kh6 44. Rg3 Ra6 45. Re3 Kg7 46. Rd3 h5 47. Re3 Kh6 48. Rg3 Ra5 49. Rd3 Ra4 50. Rc3 Kg5 51. Rb3 Kf5 52. Rf3+ Kg5 53. Rg3+ Kh6 54. Rd3 Rb4 55. Rc3 Rb5 56. Rd3 Rf5 57. Rc3 Kg5 58. Rc4 Kf6 59. Kg3 Kg7 60. h4 Kh6 61. Rc6 Rd5 62. Rc3 Rd4 63. Rb3 Rg4+ 64. Kh3 Kg7 65. Rb6 Kf7 66. Ra6 Rf4 67. Kg3 Rc4 68. Rb6 Kg7 69. f3 Rd4 70. Ra6 Rd7 71. Rb6 Re7 72. Ra6 Rc7 73. Rb6 Ra7 74. Rc6 Re7 75. Rb6 Rf7 76. Rc6 Re7 77. Rb6 Rf7 78. Ra6 Kh7 79. Rc6 Rg7 80. Rd6 Kh6 81. Rc6 Re7 82. Rb6 Kg7 83. Ra6 Rf7 84. Rb6 Re7 1/2-1/2


[Site "https://www.chess.com"]

[Event "Titled Tuesday Blitz November 2 2021"]
[White "Rozman, Levy"]
[Black "Cunjalo, Faris"]
[WhiteFideId "2039877"]
[BlackFideId "14410710"]
[WhiteElo "2376"]
[BlackElo "2234"]
[Result "0-1"]
[Round "07"]
[TimeControl "180+1"]
[Date "2021.11.02"]
[WhiteClock "0:00:02"]
[BlackClock "0:00:38"]

1. d4 d5 2. c4 e6 3. Nf3 Nf6 4. Nc3 a6 5. cxd5 exd5 6. Bg5 c6 7. e3 Bd6 8. Bd3 Be6 9. O-O Nbd7 10. Rc1 h6 11. Bf4 Qc7 12. Bxd6 Qxd6 13. Na4 O-O 14. a3 Rfe8 15. Qb3 Rab8 16. Nb6 Bg4 17. Nd2 Nxb6 18. Qxb6 Nd7 19. Qa5 Qf6 20. Qc7 Bf5 21. Bxf5 Qxf5 22. Nf3 f6 23. b4 Nf8 24. a4 Ne6 25. Qb6 Re7 26. Rxc6 Rbe8 27. Rcc1 h5 28. b5 axb5 29. Qxb5 g5 30. Qb1 Ng7 31. Qxf5 Nxf5 32. Rc5 Rd7 33. Rb1 Ra8 34. a5 Ne7 35. Rbb5 Kf7 36. Ne1 Ke6 37. Nd3 Nc6 38. Rc3 Kf7 39. Nc5 Re7 40. Nxb7 Nxd4 41. Nd6+ Kg6 42. Rb2 Rxa5 43. Rc1 Ne6 44. Rd2 Rd7 45. Nc4 Rc5 46. Kf1 Rdc7 0-1


[Site "https://www.chess.com"]

[Event "Titled Tuesday Blitz November 2 2021"]
[White "Sanal, Vahap"]
[Black "Yuan, Qingyu"]
[WhiteFideId "6300545"]
[BlackFideId "8609772"]
[WhiteElo "2492"]
[BlackElo "2359"]
[Result "0-1"]
[Round "07"]
[TimeControl "180+1"]
[Date "2021.11.02"]
[WhiteClock "0:02:45"]
[BlackClock "0:01:37"]

1. Nf3 g6 2. g3 Bg7 3. Bg2 e5 4. O-O d5 5. d3 Ne7 6. Nbd2 O-O 7. e4 c6 8. Re1 Qc7 9. b3 a5 10. Bb2 Nd7 11. a3 Re8 12. Qe2 Nc5 13. exd5 Nxd5 14. d4 e4 15. dxc5 Bxb2 16. Rab1 Nc3 17. Qe3 Nxb1 18. Nxe4 Bf5 19. Nh4 Bxe4 20. Bxe4 Nc3 0-1


[Site "https://www.chess.com"]

[Event "Titled Tuesday Blitz November 2 2021"]
[White "Shkapenko, Pavel"]
[Black "Solon, Nathan"]
[WhiteFideId "4151933"]
[BlackFideId "2017229"]
[WhiteElo "2386"]
[BlackElo "2629"]
[Result "1/2-1/2"]
[Round "07"]
[TimeControl "180+1"]
[Date "2021.11.02"]
[WhiteClock "0:00:58"]
[BlackClock "0:00:14"]

1. e4 c5 2. c3 Nf6 3. e5 Nd5 4. d4 cxd4 5. cxd4 d6 6. Nf3 Nc6 7. Bc4 Nb6 8. Bb3 dxe5 9. d5 Na5 10. Nc3 Nxb3 11. Qxb3 e6 12. Nxe5 exd5 13. Be3 Bd6 14. Qb5+ Kf8 15. Nf3 Be6 16. O-O h6 17. Rfd1 Kg8 18. Bxb6 Qxb6 19. Qxb6 axb6 20. Nxd5 Bc5 21. a3 Kh7 22. Nc7 Ra4 23. Nxe6 fxe6 24. Rd7 b5 25. Rc1 Rc8 26. Kf1 b4 27. Rxb7 bxa3 28. bxa3 Ra5 29. a4 Rf8 30. Rb5 Rxb5 31. axb5 Be7 32. Rc6 Rb8 33. Rxe6 Bc5 34. Rc6 Rxb5 35. h4 Rb1+ 36. Ke2 Rb2+ 37. Kd3 Bxf2 38. h5 Bg3 39. Rc2 Rxc2 40. Kxc2 g6 1/2-1/2


[Site "https://www.chess.com"]

[Event "Titled Tuesday Blitz November 2 2021"]
[White "Siva Mahadevan"]
[Black "Ozen, Bahadir"]
[WhiteFideId "25043153"]
[BlackFideId "6337058"]
[WhiteElo "2203"]
[BlackElo "2503"]
[Result "1-0"]
[Round "07"]
[TimeControl "180+1"]
[Date "2021.11.02"]
[WhiteClock "0:02:24"]
[BlackClock "0:00:17"]

1. e4 c6 2. d4 d5 3. e5 Bf5 4. c4 e6 5. Nc3 dxc4 6. Bxc4 Nd7 7. Nge2 Ne7 8. Ng3 Bg6 9. O-O Nb6 10. Bb3 Nf5 11. Nxf5 Bxf5 12. Be3 Be7 13. a4 O-O 14. g4 Bg6 15. f4 Qd7 16. Qf3 f5 17. exf6 Rxf6 18. f5 Bf7 19. Ne4 Nd5 20. Nxf6+ Bxf6 21. g5 Nxe3 22. gxf6 Nxf1 23. Qg4 g6 24. fxe6 Nxh2 25. exf7+ Kf8 26. Qxd7 1-0


[Site "https://www.chess.com"]

[Event "Titled Tuesday Blitz November 2 2021"]
[White "Smirnov, Pavel"]
[Black "Andreikin, Dmitry"]
[WhiteFideId "4123425"]
[BlackFideId "4158814"]
[WhiteElo "2571"]
[BlackElo "2736"]
[Result "0-1"]
[Round "07"]
[TimeControl "180+1"]
[Date "2021.11.02"]
[WhiteClock "0:00:02"]
[BlackClock "0:00:35"]

1. d4 g6 2. e4 Bg7 3. Nc3 c6 4. f4 Qb6 5. Nf3 Nh6 6. Be2 d5 7. e5 Bg4 8. Na4 Qa5+ 9. c3 Nd7 10. b4 Qc7 11. Be3 a5 12. a3 O-O 13. O-O e6 14. h3 Bxf3 15. Bxf3 f5 16. g4 Ra7 17. Nc5 Kf7 18. g5 Ng8 19. h4 Rfa8 20. a4 Nb6 21. bxa5 Nc4 22. Bf2 Bf8 23. h5 Rxa5 24. Kg2 b6 25. hxg6+ hxg6 26. Nd3 Qa7 27. Rh1 Rxa4 28. Rh7+ Bg7 29. Rb1 Ra2 30. Kg3 Rd2 31. Qf1 Qa3 32. Nb4 Qxc3 33. Nxc6 Raa2 34. Nd8+ Ke8 35. Rxg7 Rxf2 36. Rxg8+ Kd7 37. Qxf2 Rxf2 38. Kxf2 Qc2+ 39. Be2 Qxb1 40. Nf7 Qe4 41. Rxg6 Qxf4+ 42. Ke1 Qd2+ 43. Kf1 Ne3+ 44. Kf2 Ng4+ 45. Kf1 Qf4+ 46. Ke1 Qc1+ 47. Bd1 Ne3 48. Ke2 Nxd1 49. Rg7 Qc2+ 50. Ke1 Nc3 51. Nd6+ Kc6 52. Kf1 Ne4 53. g6 Qf2# 0-1


[Site "https://www.chess.com"]

[Event "Titled Tuesday Blitz November 2 2021"]
[White "Sorokin, Aleksey"]
[Black "Schmakel, Sam"]
[WhiteFideId "24176460"]
[BlackFideId "2039311"]
[WhiteElo "2476"]
[BlackElo "2356"]
[Result "1-0"]
[Round "07"]
[TimeControl "180+1"]
[Date "2021.11.02"]
[WhiteClock "0:00:31"]
[BlackClock "0:00:02"]

1. e4 c5 2. Nf3 e6 3. d4 cxd4 4. Nxd4 Nc6 5. Nc3 Qc7 6. Be3 a6 7. Qf3 Nf6 8. O-O-O Ne5 9. Qg3 b5 10. f4 Neg4 11. e5 Nxe3 12. Qxe3 b4 13. Ncb5 axb5 14. Nxb5 Qc6 15. exf6 gxf6 16. Kb1 Ba6 17. Nd4 Qb6 18. Bxa6 Qxa6 19. Qb3 Bc5 20. Nf3 Ke7 21. Rd2 Ra7 22. Rhd1 Rha8 23. f5 Qxa2+ 24. Qxa2 Rxa2 25. Rxd7+ Ke8 26. Rd8+ Rxd8 27. Rxd8+ Kxd8 28. Kxa2 Kc7 29. Kb3 Kc6 30. Kc4 Bd6 31. h3 h5 32. Ne1 Kb6 33. Nd3 Ka5 34. fxe6 fxe6 35. Nc5 Bxc5 36. Kxc5 h4 37. Kd4 e5+ 38. Ke4 Kb5 39. Kf3 f5 40. g3 e4+ 41. Kg2 hxg3 42. h4 Kc5 43. h5 f4 44. h6 e3 45. Kf3 g2 46. Kxg2 1-0


[Site "https://www.chess.com"]

[Event "Titled Tuesday Blitz November 2 2021"]
[White "Svane, Frederik"]
[Black "Pinheiro, Iung Alicio de O."]
[WhiteFideId "12923044"]
[BlackFideId "2104350"]
[WhiteElo "2459"]
[BlackElo "2592"]
[Result "1-0"]
[Round "07"]
[TimeControl "180+1"]
[Date "2021.11.02"]
[WhiteClock "0:01:42"]
[BlackClock "0:00:03"]

1. e4 c5 2. Nf3 d6 3. d4 cxd4 4. Nxd4 Nf6 5. Nc3 Nc6 6. Bg5 e6 7. Qd2 a6 8. O-O-O Bd7 9. f4 b5 10. f5 Qb6 11. Nxc6 Bxc6 12. Bxf6 gxf6 13. fxe6 fxe6 14. Kb1 O-O-O 15. Qe1 h5 16. Ne2 Bh6 17. Nd4 Bd7 18. g3 h4 19. Bh3 Rde8 20. Qc3+ Kb8 21. Qb3 f5 22. exf5 e5 23. Ne6 Be3 24. Bg2 hxg3 25. Qd5 Ka7 26. hxg3 Rc8 27. Rxh8 Rxh8 28. a3 Rc8 29. Qxd6 Qxd6 30. Rxd6 Be8 31. g4 Bb6 32. g5 Rd8 33. Nxd8 Bxd8 34. Rxd8 1-0


[Site "https://www.chess.com"]

[Event "Titled Tuesday Blitz November 2 2021"]
[White "Sviridov, Valery"]
[Black "Urazayev, Arystanbek"]
[WhiteFideId "4120680"]
[BlackFideId "13709810"]
[WhiteElo "2454"]
[BlackElo "2321"]
[Result "1/2-1/2"]
[Round "07"]
[TimeControl "180+1"]
[Date "2021.11.02"]
[WhiteClock "0:00:13"]
[BlackClock "0:00:05"]

1. Nf3 d5 2. g3 Nf6 3. Bg2 e6 4. O-O Be7 5. c4 O-O 6. d4 b6 7. cxd5 exd5 8. Nc3 Bb7 9. b3 Na6 10. Bb2 c5 11. Rc1 h6 12. dxc5 Nxc5 13. Nd4 Re8 14. Nf5 Bf8 15. Ne3 d4 16. Bxb7 Nxb7 17. Nb5 dxe3 18. Nc7 exf2+ 19. Kg2 Qxd1 20. Rcxd1 Ng4 21. Bc1 Bc5 22. Nxa8 Rxa8 23. b4 Bxb4 24. Rd4 Nxh2 25. Kxh2 Bc5 26. Rd7 Nd6 27. Kg2 Ne4 28. Bf4 a5 29. Rfd1 g5 30. Be5 Re8 31. Rd8 Rxd8 32. Rxd8+ Kh7 33. g4 f6 34. Bd4 Kg6 35. Bxc5 bxc5 36. Re8 Nc3 37. Kxf2 Nxa2 38. Rg8+ Kf7 39. Ra8 Nc3 40. Rxa5 Ke6 41. Kf3 Kd6 42. Ra6+ Ke5 43. Rc6 Ne4 44. Ke3 Kd5 45. Rc8 Nd6 46. Rh8 Nc4+ 47. Kf3 Ne5+ 48. Kg3 c4 49. Kf2 Nxg4+ 50. Kf3 Ne5+ 51. Ke3 Ng4+ 52. Kf3 f5 53. e4+ Ke5 54. Re8+ Kf6 55. Rf8+ Kg6 56. exf5+ Kg7 57. Rc8 Ne5+ 58. Ke4 Nf7 59. Rc6 h5 60. Ke3 h4 61. Rxc4 Kf6 62. Rc5 Nd6 63. Rc6 Ke5 64. Rc5+ Kf6 65. Rc6 Ke5 66. Rc5+ Kf6 1/2-1/2


[Site "https://www.chess.com"]

[Event "Titled Tuesday Blitz November 2 2021"]
[White "Swicarz, Maciej"]
[Black "Rostovtsev, Dmitry"]
[WhiteFideId "1113585"]
[BlackFideId "34278320"]
[WhiteElo "2130"]
[BlackElo "2294"]
[Result "0-1"]
[Round "07"]
[TimeControl "180+1"]
[Date "2021.11.02"]
[WhiteClock "0:00:08"]
[BlackClock "0:00:14"]

1. c4 Nf6 2. Nc3 g6 3. e4 d6 4. d4 Bg7 5. Nge2 O-O 6. Ng3 c5 7. d5 e6 8. Be2 exd5 9. cxd5 a6 10. a4 Re8 11. O-O h5 12. Bg5 Nbd7 13. Re1 Qb6 14. Qd2 Qb4 15. a5 b5 16. axb6 Nxb6 17. h4 Nfd7 18. Bxh5 Nc4 19. Qe2 Qxb2 20. Qxc4 Qxc3 21. Rac1 Qxc4 22. Rxc4 gxh5 23. Nxh5 Ne5 24. Rc2 Bg4 25. Nf6+ Bxf6 26. Bxf6 Kh7 27. f3 Bd7 28. Rb1 Bb5 29. Ra2 Nd7 30. Bc3 c4 31. Bb4 Nc5 32. Bxc5 dxc5 33. Kf2 f5 34. Ke3 fxe4 35. fxe4 Rad8 36. Rd2 Re5 37. Kf4 Rde8 38. Re1 Ba4 39. d6 c3 40. Rd3 c2 41. Rc3 R5e6 42. e5 Rxd6 43. Rxc5 Rd1 44. Rc7+ Kh8 45. Re3 c1=Q 46. Rxc1 Rxc1 47. g4 Rf1+ 48. Kg5 Bd7 49. h5 Rg8+ 50. Kh6 Bxg4 51. e6 Rf6# 0-1


[Site "https://www.chess.com"]

[Event "Titled Tuesday Blitz November 2 2021"]
[White "Tikhonov, Viacheslav"]
[Black "Tregubov, Pavel V."]
[WhiteFideId "44196407"]
[BlackFideId "4115341"]
[WhiteElo "1773"]
[BlackElo "2423"]
[Result "1/2-1/2"]
[Round "07"]
[TimeControl "180+1"]
[Date "2021.11.02"]
[WhiteClock "0:00:04"]
[BlackClock "0:00:38"]

1. e4 e6 2. d4 d5 3. Bd3 dxe4 4. Bxe4 Nf6 5. Bf3 Nbd7 6. Ne2 Bd6 7. O-O e5 8. Bg5 h6 9. Bxf6 Nxf6 10. dxe5 Bxe5 11. Qxd8+ Kxd8 12. Nbc3 c6 13. Rad1+ Kc7 14. g3 Bf5 15. Rd2 Rad8 16. Rfd1 Rxd2 17. Rxd2 Rd8 18. Rxd8 Kxd8 19. Na4 Bxc2 20. Nc5 Kc7 21. b3 b6 22. Na6+ Kd6 23. Nb4 Be4 24. Bxe4 Nxe4 25. f4 Bf6 26. Kg2 Nc3 27. Nxc3 Bxc3 28. Nc2 Kd5 29. Kf3 g6 30. Ke3 c5 31. Kd3 Bd4 32. Ne1 b5 33. Nf3 c4+ 34. bxc4+ bxc4+ 35. Ke2 h5 36. Ng5 f6 37. Nf3 a6 38. Nh4 g5 39. fxg5 fxg5 40. Nf3 g4 41. Ne1 Bg1 42. Ng2 Bxh2 43. Nf4+ Ke4 44. Nxh5 c3 45. Nf6+ Kf5 46. Nd5 c2 47. Ne3+ Ke4 48. Nxc2 Bxg3 49. Nb4 a5 50. Nc2 Bf4 51. Ne1 g3 52. Ng2 Be5 53. Ne1 Bd6 54. Ng2 Kd4 55. Kd2 Kc4 56. Kc2 Bb4 57. Nf4 a4 58. Ng2 Kd4 59. Kd1 Kd3 60. Nf4+ Ke3 61. Ng2+ Kf2 62. Nh4 g2 63. Nxg2 Kxg2 64. Kc2 Kf3 65. Kd3 a3 66. Kc2 Ke2 67. Kc1 Kd3 68. Kb1 Bc5 69. Kc1 Bd6 70. Kb1 Kc3 71. Ka1 Be5 72. Kb1 Kb4 73. Kc2 Kc4 74. Kd2 Kb4 75. Kc2 Kc4 76. Kd2 Bf6 77. Kc2 Bc3 78. Kc1 Kd3 79. Kb1 Bd4 80. Kc1 Kc3 81. Kb1 Be3 82. Ka1 Bf4 83. Kb1 Be5 84. Kc1 Bf6 85. Kb1 Kc4 86. Kc2 1/2-1/2


[Site "https://www.chess.com"]

[Event "Titled Tuesday Blitz November 2 2021"]
[White "Timofeev, Artyom"]
[Black "Kaasen, Tor Fredrik"]
[WhiteFideId "4140419"]
[BlackFideId "1516647"]
[WhiteElo "2591"]
[BlackElo "2349"]
[Result "1/2-1/2"]
[Round "07"]
[TimeControl "180+1"]
[Date "2021.11.02"]
[WhiteClock "0:01:36"]
[BlackClock "0:00:22"]

1. c4 e5 2. e3 Nf6 3. Nc3 Bb4 4. Nge2 O-O 5. a3 Bxc3 6. Nxc3 d5 7. cxd5 Nxd5 8. Be2 Be6 9. O-O c5 10. d3 Nc6 11. Qc2 Rc8 12. Ne4 b6 13. b3 f5 14. Nd2 Qd7 15. Bb2 f4 16. Nc4 b5 17. Nxe5 Nxe5 18. Bxe5 fxe3 19. f4 Ne7 20. Qb2 Nf5 21. b4 Rc6 22. bxc5 Rxc5 23. d4 Rd5 24. Bf3 Rxd4 25. Bxd4 Nxd4 26. Rae1 Bc4 27. Be2 Nxe2+ 28. Rxe2 Bxe2 29. Qxe2 Qd4 30. g3 Rd8 31. Re1 Re8 32. Qxb5 e2+ 33. Kg2 Qe4+ 34. Kf2 Qe3+ 35. Kg2 Qe4+ 36. Kf2 Qe3+ 37. Kg2 Qe4+ 1/2-1/2


[Site "https://www.chess.com"]

[Event "Titled Tuesday Blitz November 2 2021"]
[White "Tsydypov, Zhamsaran"]
[Black "Nyudleev, Dolgan"]
[WhiteFideId "4108566"]
[BlackFideId "4198360"]
[WhiteElo "2649"]
[BlackElo "2354"]
[Result "1-0"]
[Round "07"]
[TimeControl "180+1"]
[Date "2021.11.02"]
[WhiteClock "0:01:12"]
[BlackClock "0:00:02"]

1. e4 c5 2. Nf3 e6 3. d4 cxd4 4. Nxd4 Qb6 5. Nb3 Nc6 6. Nc3 Nf6 7. a3 Be7 8. Be3 Qc7 9. f4 d6 10. Qf3 a6 11. g4 b5 12. g5 Nd7 13. O-O-O Bb7 14. f5 Nde5 15. Qg3 b4 16. axb4 Nxb4 17. Rd4 Nbc6 18. Ra4 Rc8 19. Bh3 Nd8 20. Rf1 exf5 21. exf5 f6 22. Nd4 O-O 23. Bg2 Qd7 24. Rb4 Bxg2 25. Qxg2 d5 26. Rb3 Rc5 27. Ne6 Nxe6 28. fxe6 Qxe6 29. Bxc5 Bxc5 30. Qxd5 Qxd5 31. Nxd5 fxg5 32. Rxf8+ Kxf8 33. Nc7 Ke7 34. Nxa6 Bd6 35. Rb7+ Kf6 36. Rb6 Ke7 37. h3 h5 38. Kd1 g4 39. h4 g3 40. Ke2 g2 41. Kf2 Nf3 42. Kxg2 Nxh4+ 43. Kf1 g5 44. c4 Nf3 45. c5 Be5 46. c6 h4 47. Rb7+ Kd8 48. Rd7+ Kc8 49. Rf7 Kd8 50. Rxf3 g4 51. Rd3+ Kc8 52. Re3 Bf6 53. Re8+ Bd8 54. c7 1-0


[Site "https://www.chess.com"]

[Event "Titled Tuesday Blitz November 2 2021"]
[White "Weetik, Vjacheslav"]
[Black "FGHSMN"]
[WhiteFideId "4153472"]
[WhiteElo "2469"]
[BlackElo "2693"]
[Result "1/2-1/2"]
[Round "07"]
[TimeControl "180+1"]
[Date "2021.11.02"]
[WhiteClock "0:00:05"]
[BlackClock "0:00:07"]

1. d4 d5 2. Bf4 e6 3. e3 c5 4. c3 Nf6 5. Nd2 Bd6 6. Bxd6 Qxd6 7. Bd3 Nc6 8. f4 b6 9. Ngf3 Bb7 10. Ne5 Nd7 11. O-O Ndxe5 12. fxe5 Qe7 13. Qh5 g6 14. Qh6 O-O-O 15. Nf3 Rdf8 16. Rf2 f5 17. exf6 Rxf6 18. Bb5 Nd8 19. Qh4 a6 20. Ba4 Rhf8 21. Ne5 Qg7 22. Raf1 Rxf2 23. Rxf2 Rxf2 24. Qxf2 b5 25. Bd1 cxd4 26. cxd4 Nc6 27. Qf4 Nxe5 28. Qxe5 Qxe5 29. dxe5 Kd7 30. b4 Ke7 31. Kf2 g5 32. g3 h6 33. Ke1 Bc6 34. Kd2 Be8 35. Kc3 Kd7 36. Kd4 Kc6 37. Bg4 Bf7 38. a3 Kb6 39. Bf3 Kc6 40. h4 Bg6 41. hxg5 hxg5 42. Bg4 Bf7 43. Be2 Bg6 44. Bg4 Bf7 45. Bh3 Kb6 46. e4 dxe4 47. Kxe4 Kc6 48. Bg2 Bg6+ 49. Kd4+ Kb6 50. Bh3 Bf7 51. Bg4 Kc6 52. Bf3+ Kb6 53. Be4 Be8 54. Ke3 Kc7 55. Kf3 Bh5+ 56. Ke3 Bd1 57. Bg2 Bg4 58. Kd4 Bf5 59. Bf3 Kb6 60. Bh5 Kc6 61. Be8+ Kb6 62. Bf7 Kc6 63. Bg8 Kb6 64. Bf7 a5 65. Bh5 axb4 66. axb4 Kc6 67. Bf3+ Kb6 68. Be2 Kc6 69. Bf3+ Kb6 70. Bh5 Kc6 71. Be8+ Kb6 72. Bd7 Bg4 73. Ke4 Bf5+ 74. Ke3 Bg4 75. Be8 Bf5 76. Kf3 Ka6 77. Bh5 Kb6 78. Bg4 Kc6 79. Bh5 Kd5 80. Ke3 Kxe5 81. Be8 Kd5 82. Bxb5 e5 83. Be2 Kd6 84. Bd3 Be6 85. Be2 Bd5 86. Bd3 Be6 87. Be2 Bd5 88. Bd3 Be6 1/2-1/2


[Site "https://www.chess.com"]

[Event "Titled Tuesday Blitz November 2 2021"]
[White "Zhigalko, Sergei"]
[Black "Naroditsky, Daniel"]
[WhiteFideId "13502956"]
[BlackFideId "2026961"]
[WhiteElo "2662"]
[BlackElo "2608"]
[Result "1-0"]
[Round "07"]
[TimeControl "180+1"]
[Date "2021.11.02"]
[WhiteClock "0:00:04"]
[BlackClock "0:00:08"]

1. e4 e5 2. Nf3 Nc6 3. Bc4 Nf6 4. d3 h6 5. O-O g5 6. Nc3 Bg7 7. Nd5 d6 8. c3 O-O 9. Nxg5 Nxd5 10. exd5 hxg5 11. dxc6 bxc6 12. Qh5 d5 13. Bb3 f6 14. h4 gxh4 15. f4 Qe8 16. Qxh4 Qg6 17. Rf3 Qh7 18. Qf2 Bf5 19. Bd2 Bxd3 20. Rh3 Qf5 21. Re1 Be4 22. Bd1 Kf7 23. Rh5 Qd7 24. fxe5 Ke8 25. e6 Qxe6 26. Qg3 Rf7 27. Rh7 Kf8 28. Bh5 Qd6 29. Bf4 Qc5+ 30. Kh2 Bxh7 31. Bxc7 Kg8 32. Bxf7+ Kxf7 33. Bd6 Bf8 34. Bxc5 Bxc5 35. Qc7+ Kg6 36. Qxc6 Bf2 37. Qxa8 Bxe1 38. Qxa7 Bh4 39. Qd4 Bg5 40. g3 Kf7 41. Qxd5+ Ke7 42. a4 Be4 43. Qxe4+ 1-0


[Site "https://www.chess.com"]

[Event "Titled Tuesday Blitz November 2 2021"]
[White "Zierk, Steven"]
[Black "De Silva, L M S T"]
[WhiteFideId "2034255"]
[BlackFideId "9953698"]
[WhiteElo "2494"]
[BlackElo "1621"]
[Result "1/2-1/2"]
[Round "07"]
[TimeControl "180+1"]
[Date "2021.11.02"]
[WhiteClock "0:00:21"]
[BlackClock "0:00:33"]

1. b3 e5 2. Bb2 Nc6 3. c4 Nf6 4. e3 Be7 5. Nc3 O-O 6. Nge2 d5 7. cxd5 Nxd5 8. Nxd5 Qxd5 9. Nc3 Qe6 10. Bc4 Qg6 11. O-O Bd6 12. d3 Bg4 13. f3 Bh3 14. Qd2 Rad8 15. Kh1 Be6 16. Qe2 Bb4 17. Nb5 Ba5 18. a3 Bb6 19. Rad1 a6 20. Nc3 Kh8 21. b4 f5 22. Na4 Ba7 23. Rc1 e4 24. dxe4 fxe4 25. Bxe6 Qxe6 26. Nc5 Bxc5 27. Rxc5 exf3 28. gxf3 Rf7 29. Rg5 Kg8 30. Rfg1 g6 31. e4 Nd4 32. Qd1 Rxf3 33. Bxd4 Qxe4 34. Re5 Qc6 35. Rc5 Qe4 36. Re5 Qc6 37. Rc5 Qe4 38. Re5 1/2-1/2


[Site "https://www.chess.com"]

[Event "Titled Tuesday Blitz November 2 2021"]
[White "Zubov, Alexander"]
[Black "Fawzy, Adham"]
[WhiteFideId "14109409"]
[BlackFideId "10613129"]
[WhiteElo "2685"]
[BlackElo "2504"]
[Result "1-0"]
[Round "07"]
[TimeControl "180+1"]
[Date "2021.11.02"]
[WhiteClock "0:00:04"]
[BlackClock "0:00:03"]

1. d4 Nf6 2. c4 e6 3. Nf3 c5 4. d5 b5 5. Bg5 exd5 6. cxd5 d6 7. e4 a6 8. Nbd2 Be7 9. Bf4 O-O 10. a4 Re8 11. Be2 Bf8 12. Qc2 b4 13. Be3 a5 14. O-O Ba6 15. Bxa6 Nxa6 16. Bg5 h6 17. Bxf6 Qxf6 18. b3 Qc3 19. Qd1 Nb8 20. Re1 Nd7 21. Nc4 Qf6 22. Qd3 g6 23. Rad1 Bg7 24. g3 Re7 25. Kg2 Kh8 26. h4 Kg8 27. h5 Kh7 28. hxg6+ fxg6 29. e5 dxe5 30. d6 Re6 31. Qe4 Rf8 32. Re2 Qf7 33. Nh4 Nf6 34. Qc2 e4 35. Rf1 g5 36. Nf5 Qh5 37. Nfe3 Qf3+ 38. Kg1 g4 39. Rd2 Nd7 40. Qd1 Bd4 41. Qxf3 gxf3 42. Rfd1 Rg8 43. Rxd4 cxd4 44. Rxd4 Nc5 45. Rd5 Nxb3 46. d7 Rd8 47. Ng4 Re7 48. Nge5 Nc1 49. Rxa5 Ne2+ 50. Kh2 b3 51. Rb5 Nd4 52. Rb7 1-0


[Site "https://www.chess.com"]